cohdb
Replays
Latest Replays
All Replays
Popular Replays
Top Player Replays
Match Explorer
How It Works
Community
CoH3 Stats
Reddit
Sign in to upload your games and track your stats! →
Sign in with Steam
Match 47513961
Unlisted
Match 47513961
Overview
Messages
Build Orders
End
Selects Special Operations Battlegroup
Selects Special Operations Battlegroup
Selects M29 Weasel Recon Vehicle
M29 Weasel Recon Vehicle
Construct Weapon Support Center
M1919 Machine Gun Team
Sniper
M1919 Machine Gun Team
Engineer Squad
Mortar Pit
Mechanized Support Center
Selects Raiding Flares
Bazooka Squad
Construct Motor Pool
M24 Chaffee Light Tank
M24 Chaffee Light Tank
Designate Forward Repair Station
Improvised Armor
Engineer Squad
Selects Mark Vehicle
M24 Chaffee Light Tank
M24 Chaffee Light Tank
Mark Vehicle
M1 Anti-tank Gun Team
.30 cal Machine Gun
M24 Chaffee Light Tank
Selects M4A1 Sherman Whizbang
Mark Vehicle
M4A1 Sherman Whizbang
Rapid Repairs
M1 Anti-tank Gun Team
M4A1 Sherman Whizbang
Mark Vehicle
Designate Forward Repair Station
.30 cal Machine Gun
Selects SSF Commando Squad
Mark Vehicle
Construct Tank Depot
Mark Vehicle
lengfeng988
MAD
EnemyTrooper
火鸡
花园宝宝爆你头
蓝线
風行者
petax9
0
0
Comments
sign in to comment!
No comments posted yet!